 Dungeon Crawl Stone Soup version 0.32-a0-39-g5c88369fb2 (webtiles) character file.

Game seed: 15927603661148394397

1481 AZSletch the Changeling (level 8, 0/58 (60) HPs)
             Began as a Demonspawn Shapeshifter on Feb 3, 2024.
             Was a Follower of Qazlal.
             Slain by a wight
             ... wielding a +4 halberd of freezing
              (3 damage)
             ... on level 7 of the Dungeon.
             The game lasted 00:29:56 (5938 turns).

AZSletch the Changeling (Demonspawn Shapeshifter)   Turns: 5938, Time: 00:29:56

HP:   0/58 (60)     AC: 11    Str: 18    XL:     8   Next: 50%
MP:   10/10         EV: 13    Int: 16    God:    Qazlal [*.....]
Gold: 324           SH:  2    Dex: 12    Spells: 7/7 levels left

rFire   . . .        u - +2 dagger (speed)
rCold   . . .        (no shield)
rNeg    . . .        a - +0 animal skin
rPois   .            (helmet currently unavailable)
rElec   .            (cloak currently unavailable)
rCorr   .            (gloves currently unavailable)
SInv    .            (boots currently unavailable)
Will    .....        h - amulet of regeneration
Stlth   +            G - +6 ring of intelligence
HPRegen 1.09/turn    (no ring)
MPRegen 0.12/turn

%: no passive effects
@: beast-form, sanguine armoured, lightly drained
A: beast (slay +4), hooves 1, foul stench 2, sanguine armour 2
a: Begin Untransformation, Renounce Religion


You were on level 7 of the Dungeon.
You worshipped Qazlal.
Qazlal was aware of your devotion.
You were a hulking beast.
You visited 2 branches of the dungeon, and saw 8 of its levels.
You also visited: Sewer.

You collected 440 gold pieces.
You spent 116 gold pieces at shops.

Inventory:

Hand Weapons
 u - a +2 dagger of speed (weapon)
Missiles
 g - 12 poisoned darts
 l - 2 boomerangs (quivered)
 v - a throwing net
 H - 3 javelins
Armour
 a - a +0 animal skin (worn)
Jewellery
 f - a ring of fire
 h - an amulet of regeneration (around neck)
 w - an amulet of guardian spirit
 G - a +6 ring of intelligence (left hand)
Talismans
 c - a beast talisman
 d - a flux talisman
 t - a serpent talisman
Wands
 F - a wand of iceblast (5)
Scrolls
 i - 3 scrolls of teleportation
 j - a scroll of identify
 o - a scroll of vulnerability
 p - a scroll of fear
 y - a scroll of acquirement {unknown}
 z - 2 scrolls of noise {unknown}
 A - a scroll of immolation {unknown}
 C - a scroll of revelation {unknown}
 D - a scroll of enchant weapon {unknown}
 I - a scroll of fog {unknown}
Potions
 b - a potion of lignification
 e - 6 potions of heal wounds
 k - a potion of brilliance {unknown}
 m - 2 potions of degeneration
 n - 3 potions of enlightenment
 q - 4 potions of curing
 r - a potion of magic
 s - 2 potions of might
 x - a potion of invisibility {unknown}
 B - a potion of attraction {unknown}
 E - a potion of mutation


   Skills:
 + Level 3.9 Fighting
 + Level 4.0 Dodging
 + Level 4.4 Unarmed Combat
 + Level 3.0 Invocations
 * Level 7.0 Shapeshifting


You had 7 spell levels left.
You didn't know any spells.
Your spell library contained the following spells:

 Spells                   Type           Power      Damage    Failure   Level
 Apportation              Tloc           0%         N/A       26%         1
 Necrotise                Necr           0%         1d4       26%         1
 Sting                    Conj/Alch      0%         1d3       26%         1
 Blink                    Tloc           0%         N/A       36%         2
 Call Imp                 Summ           0%         N/A       36%         2
 Cigotuvi's Dreadful Rot  Necr/Alch/Air  0%         N/A       36%         2
 Jinxbite                 Hex            0%         N/A       36%         2
 Lesser Beckoning         Tloc           0%         N/A       36%         2
 Mercury Vapours          Alch/Air       0%         N/A       36%         2
 Momentum Strike          Conj/Tloc      0%         3d8       36%         2
 Gell's Gravitas          Tloc           0%         N/A       58%         3
 Mephitic Cloud           Conj/Alch/Air  0%         N/A       58%         3
 Passwall                 Erth           0%         N/A       58%         3
 Teleport Other           Tloc           0%         N/A       58%         3
 Vampiric Draining        Necr           0%         2d6       58%         3
 Dispel Undead            Necr           0%         3d6       94%         4
 Ignite Poison            Fire/Alch      0%         N/A       94%         4
 Martyr's Knell           Necr/Summ      0%         N/A       94%         4
 Olgreb's Toxic Radiance  Alch           0%         N/A       94%         4
 Petrify                  Alch/Erth      0%         N/A       94%         4
 Sticky Flame             Fire/Alch      0%         2d4       94%         4
 Alistair's Intoxication  Alch           0%         N/A       100%        5
 Curse of Agony           Necr           0%         N/A       100%        5
 Death Channel            Necr           0%         N/A       100%        6
 Dispersal                Tloc           0%         N/A       100%        6
 Eringya's Noxious Bog    Alch           0%         4d6       100%        6
 Ignition                 Fire           0%         3d3       100%        8
 Summon Horrible Things   Summ           0%         N/A       100%        8
 Dragon's Call            Summ           0%         N/A       100%        9


Dungeon Overview and Level Annotations

Branches:
Dungeon (7/15)             Temple (1/1) D:4           Sewer (visited)

Altars:
Ashenzari
Cheibriados
Dithmenos
Fedhas
Gozag
Kikubaaqudgha
Makhleb
Okawaru
Qazlal
Ru
Sif Muna
Trog
Vehumet
Xom

Shops:
D:3 [!?[?

Annotations:
D:6 Sigmund


Innate Abilities, Weirdness & Mutations

You are a hulking beast.
Your limbs bulge with bestial killing power. (Slay +4)
You have large cloven feet.
You sometimes emit foul miasma when damaged in melee.
When seriously injured, your blood forms thick armour. (AC +9)


Message History

You hit the wight but do no damage. Your kick misses the wight.
The wight is heavily damaged.
The wight closely misses you.
You hit the wight.
The wight is heavily damaged.
The wight barely misses you.
You hit the wight but do no damage.
The wight is heavily damaged.
You barely miss the wight. You kick the wight, but do no damage.
The wight is heavily damaged.
The wight hits you from afar with a +4 halberd of freezing!
The wight freezes you.
Your blood congeals into armour.
The wight barely misses you.
You hit the wight. You kick the wight, but do no damage.
The wight is severely damaged.
The wight closely misses you. x2
You hit the wight.
You destroy the wight!
Qazlal accepts your kill.
Your blood armour dries and flakes away.
Your life force feels restored.
Your Shapeshifting skill increases to level 7!
Your blood congeals into armour.
Okay, then.
There are monsters nearby!
Unknown command.
Your blood armour dries and flakes away.
The wight hits you with a +4 halberd of freezing!
Your blood congeals into armour.
You feel drained. The wight freezes you.
You hit the wight but do no damage. You kick the wight.
The wight is moderately damaged.
The wight hits you with a +4 halberd of freezing!
* * * LOW HITPOINT WARNING * * *
The wight freezes you.
* * * LOW HITPOINT WARNING * * *
Okay, then.
The wight hits you from afar with a +4 halberd of freezing.
* * * LOW HITPOINT WARNING * * *
The wight freezes you.
You die...

#.## .[.. ..# ....
.## ..... ## ...!.
##.# ...... ...#
###.... #### #.).#
###################.#
................h.zz#
#############..######
####


You could see 2 wights.

Vanquished Creatures
  A black bear (D:4)
  2 centaurs
  A phantom (D:5)
  3 scorpions (D:5)
  5 wights
  A bombardier beetle (D:3)
  A jelly (D:5)
  An orc priest (D:5)
  A gnoll bouda (D:4)
  2 hounds
  3 iguanas
  Jessica (D:2)
  2 orc wizards (D:5)
  A mummy (D:4)
  3 gnolls (D:4)
  17 adders
  2 river rats
  A shadow imp (D:5)
  2 white imps (D:6)
  A dart slug (Sewer)
  5 ribbon worms
  12 orcs
  9 ball pythons
  13 bats
  6 endoplasms
  8 giant cockroaches
  5 goblins
  10 hobgoblins
  9 jackals
  10 quokkas
  5 frilled lizards
  A hobgoblin zombie (D:4)
  4 kobolds
  2 kobold zombies (D:4)
  An orc zombie (D:4)
  7 rats
158 creatures vanquished.

Notes
Turn   | Place    | Note
-------+----------+-------------------------------------------
     0 | D:1      | AZSletch the Demonspawn Shapeshifter began the quest for
                  | the Orb.
     0 | D:1      | Reached XP level 1. HP: 15/15 MP: 1/1
   203 | D:1      | Gained mutation: You may rarely emit foul miasma when
                  | damaged in melee. [demonic ancestry]
   203 | D:1      | Reached XP level 2. HP: 21/21 MP: 2/2
   319 | D:1      | Reached skill level 3 in Shapeshifting
   434 | D:1      | Reached XP level 3. HP: 23/26 MP: 3/3
   886 | D:2      | Noticed Jessica
  1593 | D:2      | Killed Jessica
  1594 | D:2      | Reached XP level 4. HP: 28/33 MP: 4/4
  1774 | D:3      | Found Xodoi's Distillery.
  1780 | D:3      | Found Loqakej's Magic Scroll Shop.
  1782 | D:3      | Bought a potion of curing for 33 gold pieces
  1782 | D:3      | Bought a potion of heal wounds for 55 gold pieces
  1794 | D:3      | Bought a scroll of identify for 28 gold pieces
  1821 | D:3      | Found Emyfeuni's Antique Armour Shoppe.
  1905 | D:3      | Found Sudics's Magic Scroll Emporium.
  2038 | D:3      | Found Daimemem's Armour Emporium.
  2211 | D:3      | Gained mutation: You sometimes emit foul miasma when
                  | damaged in melee. [demonic ancestry]
  2211 | D:3      | Reached XP level 5. HP: 25/38 MP: 5/5
  2507 | D:4      | Noticed a black bear
  2513 | D:4      | Killed a black bear
  2514 | D:4      | Reached skill level 4 in Shapeshifting
  2514 | D:4      | Gained mutation: You have large cloven feet. [demonic
                  | ancestry]
  2514 | D:4      | Reached XP level 6. HP: 40/46 MP: 6/6
  2769 | D:4      | Found a staircase to the Ecumenical Temple.
  2777 | Temple   | Entered the Ecumenical Temple
  2806 | Temple   | Became a worshipper of Qazlal Stormbringer
  3399 | D:5      | Entered Level 5 of the Dungeon
  3463 | D:5      | Got the Compilation of Telluric Transfiguration
  3521 | D:5      | Reached skill level 1 in Invocations
  3528 | D:5      | Gained mutation: When seriously injured, your blood forms
                  | armour. (AC +9) [demonic ancestry]
  3528 | D:5      | Reached XP level 7. HP: 21/52 MP: 7/7
  3558 | D:5      | Reached * piety under Qazlal
  3581 | D:5      | Found a glowing drain.
  3585 | Sewer    | Entered a sewer
  4335 | D:5      | Reached skill level 5 in Shapeshifting
  4772 | D:5      | Reached ** piety under Qazlal
  5113 | D:5      | Gained mutation: When seriously injured, your blood forms
                  | thick armour. (AC +9) [demonic ancestry]
  5113 | D:5      | Reached XP level 8. HP: 44/60 MP: 10/10
  5466 | D:6      | Reached skill level 6 in Shapeshifting
  5847 | D:6      | Got the Collected Works on Convocation
  5856 | D:6      | Noticed Sigmund
  5935 | D:7      | Reached skill level 7 in Shapeshifting
  5938 | D:7      | Slain by a wight

Illustrated notes

Levels and vault maps discovered:
D:1:      dpeg_arrival_fog, layout_loops_cross, minmay_worlds_worst_comb
D:2:      kennysheep_big_flooded_room, layout_basic, serial_forest,
          infiniplex_forest_end_double, infiniplex_forest_end_2,
          infiniplex_forest_lined_2, infiniplex_forest_clump_long,
          infiniplex_forest_lined_2, infiniplex_forest_straight_3,
          infiniplex_forest_side_room, infiniplex_forest_end_2,
          infiniplex_forest_diagonal, infiniplex_forest_clump_tiny,
          minmay_tree_intersection, uniq_jessica
D:3:      layout_loops_ring, serial_shops, shop, shop,
          nicolae_shop_pleasant_corner_grove, shop_coins, shop,
          nicolae_figureground_sparkle
D:4:      layout_basic, minmay_temple_entry_junction, corner_web_ring,
          minmay_mini_ossuary
D:5:      layout_layer_cave, mainiacjoe_sewer_entry_somewhere_in_here_2,
          grunt_ministairs_15
D:6:      layout_loops_cross, grunt_temple_overflow_holy_war,
          nicolae_overflow_hidden_temple, nicolae_houndstooth_variations,
          uniq_sigmund
D:7:      layout_rooms
Temple:   kb_temple_of_zot

Skill      XL: |  1  2  3  4  5  6  7  8 |
---------------+-------------------------+-----
Dodging        | 2 3 4 |  4.0
Shapeshifting  | 3 4 5 7 |  7.0
Unarmed Combat | 3 4 |  4.4
Fighting       | 2 3 |  3.9
Invocations    | 1 3 |  3.0

Action                     |  1- 3 |  4- 6 |  7- 9 || total
---------------------------+-------+-------+-------++-------
  Melee: Unarmed           |   182 |    56 |       ||   238
         Punch             |     3 |     6 |     7 ||    16
         Dagger            |       |   127 |   246 ||   373
         Kick              |       |    31 |    66 ||    97
  Throw: Boomerang         |       |       |     8 ||     8
 Invoke: Upheaval          |       |       |     2 ||     2
    Use: Scroll            |       |     5 |     2 ||     7
   Stab: Sleeping          |     3 |     1 |       ||     4
 Armour: Animal skin       |    70 |    73 |   138 ||   281
  Dodge: Dodged            |    94 |    59 |   158 ||   311
  Block: Other             |       |       |    11 ||    11

Table legend: (Time is in decaauts)
 A = Elapsed time spent in this place.
 B = Non-inter-level travel time spent in this place.
 C = Inter-level travel time spent in this place.
 D = Time resting spent in this place.
 E = Time spent auto-exploring this place.
 F = Levels seen in this place.
 G = Mean time per level.
                   A        B        C        D        E       F      G
               +--------+--------+--------+--------+--------+-----+--------+
         Total |   5985 |   5750 |    235 |    128 |   3296 |   9 |  665.0 |
       Dungeon |   5233 |   5054 |    179 |    128 |   3203 |   7 |  747.6 |
        Temple |     58 |      2 |     56 |      0 |      0 |   1 |   58.0 |
         Sewer |    693 |    693 |      0 |      0 |     93 |   1 |  693.0 |
               +--------+--------+--------+--------+--------+-----+--------+

Top non-repeatable levels by time:
     D:5: 1448 daAuts
     D:2: 883 daAuts
     D:1: 875 daAuts
     D:4: 810 daAuts
     D:3: 722 daAuts
   Sewer: 693 daAuts
     D:6: 440 daAuts
  Temple: 58 daAuts
     D:7: 54 daAuts
